AoeStats
← FirebirD

Arena

510389047Analyzed
1v1 RM · 16h ago on Sep 30, 2026· 56m 48s· 2 players
Game mode
Random Map
Map size
Tiny (2 player)
Population
200
Speed
Normal
Resources
Standard
Victory
Conquest
Starting age
Dark Age
Ending age
Imperial Age
RankedLock teamsTeams togetherTeam positionsShared explorationLock speedFull tech treeHidden civsTurbo modeCheats
Victory
Defeat
🇪🇸 Franks · Spain
1823
+15
🇺🇸 Danes · United States
1809
-15
TrCL.Gyeseongyeon
11:35 Feudal Age
12:55 Double-Bit Axe
12:50 Horse Collar
15:15 Castle Age
16:16 Bow Saw
16:07 Heavy Plow
17:59 Husbandry
20:24 Wheelbarrow
21:44 Light Cavalry
26:27 Loom
29:24 Imperial Age
27:13 Bloodlines
27:14 Gold Mining
28:16 Thumb Ring
28:27 Heavy Plow
29:41 Hand Cart
30:02 Fletching
31:14 Chemistry
30:17 Cranequins
30:53 Bodkin Arrow
31:57 Conscription
31:08 Heavy Mounted Crossbowman
33:11 Ballistics
32:52 Bracer
32:54 Padded Archer Armor
33:45 Siege Engineers
35:01 Leather Archer Armor
35:13 Scale Barding Armor
35:19 Forging
36:17 Chain Barding Armor
36:51 Masonry
37:17 Hoardings
38:20 Plate Barding Armor
38:20 Iron Casting
38:19 Ring Archer Armor
40:25 Blast Furnace
46:19 Gold Shaft Mining
45:36 Stone Mining
46:33 Elite Skirmisher
48:29 Capped Ram
49:41 Pikeman
50:23 Squires
50:13 Halberdier
50:54 Scale Mail Armor
50:56 Squires
54:28 Elite Varangian Guard
54:58 Gambesons
FirebirD
11:15 Feudal Age
12:11 Double-Bit Axe
14:52 Castle Age
15:43 Husbandry
16:28 Bow Saw
19:42 Loom
20:35 Wheelbarrow
27:29 Imperial Age
25:12 Gold Mining
25:55 Masonry
26:54 Ballistics
26:57 Loom
26:58 Town Watch
27:47 Hand Cart
29:12 Chemistry
28:09 Fletching
29:57 Bodkin Arrow
30:34 Architecture
30:27 Conscription
29:32 Pikeman
30:12 Squires
30:14 Scale Mail Armor
31:18 Stone Mining
32:04 Gold Shaft Mining
31:45 Forging
32:12 Chain Mail Armor
33:03 Padded Archer Armor
34:00 Plate Mail Armor
34:11 Halberdier
34:32 Elite Skirmisher
35:36 Leather Archer Armor
37:07 Siege Engineers
37:53 Iron Casting
38:02 Hoardings
42:54 Blast Furnace
45:54 Cavalier
47:34 Scale Barding Armor
48:18 Paladin
49:39 Chain Barding Armor
51:06 Chivalry
52:29 Plate Barding Armor
52:45 Light Cavalry
55:05 Arson
Connection lost

Rejoining the realm…

Still unreachable

The connection could not be restored.

Session expired

The server has moved on; the page needs a fresh start.